Map: Nightshade LE

Players

ViBE - Winner!

  • Race: Terran Terran
  • League: Platinum
  • Spawn Location: 5:00

YoungMawt

  • Race: Zerg Zerg
  • League: Platinum
  • Spawn Location: 11:00

VOD

https://www.youtube.com/watch?v=EoWwpd4y0gU&t=435s

Description

Time

  • Played on: Dec. 11, 2019, 8:52 p.m.
  • Length: 16:50
Show
View Real Time Build Order
Export as new Build Order

ViBE Terran - Winner!

Build Orders: 2 Factory, Reaper Expand, Mech 

Get SALT Encoding   

  12  0:00  SCV  
  13  0:13  SCV  
  14  0:18  Supply Depot  
  14  0:25  SCV  
  15  0:40  SCV  
  15  0:41  Barracks  
  16  0:46  Refinery  
  16  0:52  SCV  
  17  1:04  SCV  
  18  1:16  SCV  
  19  1:30  Reaper  
  19  1:31  Orbital Command  
  20  1:45  Command Center  
  20  1:55  Supply Depot  
  20  1:58  SCV  
  21  2:10  SCV  
  21  2:13  Factory  
  22  2:22  SCV  
  23  2:27  Barracks Reactor, Refinery  
  23  2:34  SCV  
  24  2:47  SCV  
  25  2:58  Orbital Command  
  25  2:59  SCV  
  25  3:01  Factory  
  26  3:11  SCV  
  27  3:13  Barracks Tech Lab  
  27  3:22  Supply Depot  
  27  3:23  SCV  
  27  3:25  SCV  
  29  3:29  Hellion x2  
  33  3:35  SCV  
  33  3:37  SCV  
  35  3:44  Supply Depot  
  35  3:47  SCV  
  35  3:48  Command Center  
  36  3:51  SCV  
  36  3:55  Siege Tank  
  40  3:59  SCV  
  41  4:03  SCV  
  42  4:11  SCV  
  42  4:15  SCV  
  44  4:23  SCV  
  44  4:25  Supply Depot  
  44  4:27  SCV, Hellion x2  
  44  4:28  Siege Tank  
  52  4:35  SCV  
  53  4:42  SCV  
  54  4:48  Supply Depot, SCV  
  55  4:54  SCV  
  56  5:00  SCV  
  56  5:04  Siege Tank  
  56  5:05  Command Center, Hellion x2  
  64  5:09  Engineering Bay, SCV, Armory  
  64  5:12  SCV  
  64  5:13  Refinery x2  
  66  5:21  SCV  
  67  5:22  Supply Depot, Orbital Command  
  67  5:24  SCV  
  67  5:26  Hellion x2  
  72  5:40  Siege Tank  
  75  5:48  Hellion x2  
  79  5:55  SCV  
  79  5:56  SCV x2  
  82  6:05  Factory x2  
  82  6:07  Factory  
  82  6:09  SCV x2, Factory  
  82  6:10  SCV  
  82  6:11  Hellion x2  
  89  6:19  Thor  
  89  6:23  SCV x3  
  98  6:27  Terran Vehicle Weapons Level 1  
  98  6:30  Armory  
  98  6:40  SCV  
  98  6:41  SCV x2  
  98  6:43  Refinery  
  98  6:46  Refinery  
  101  6:48  Supply Depot  
  101  6:52  Supply Depot x2, Factory Reactor  
  101  6:53  Factory Tech Lab x3, SCV x3  
  104  6:57  Hellion  
  104  6:59  Hellion  
  108  7:09  SCV x3  
  108  7:10  Planetary Fortress  
  108  7:11  Supply Depot  
  111  7:30  Thor x2  
  111  7:32  Hellion x2  
  111  7:33  Hellion x2  
  131  7:41  SCV  
  131  7:42  Supply Depot, SCV x2  
  134  7:45  Terran Vehicle And Ship Armor Level 1  
  134  7:49  Missile Turret  
  134  7:50  Missile Turret  
  134  7:52  Missile Turret  
  134  7:54  SCV x4  
  138  8:04  Thor x2  
  150  8:06  SCV x2, Hellion x2  
  156  8:16  Missile Turret  
  156  8:20  Refinery  
  156  8:24  Refinery  
  156  8:54  Thor x2, SCV x4  
  172  8:56  Supply Depot  
  172  8:57  Supply Depot  
  172  8:58  Supply Depot  
  172  8:59  Supply Depot  
  172  9:01  Thor  
  172  9:02  Hellion x3  
  180  9:14  Terran Vehicle Weapons Level 2  
  180  9:15  Hi-Sec Auto Tracking, Command Center  
  180  9:17  SCV x4  
  180  9:18  Hellion  
  180  9:19  Infernal Pre-Igniter, Smart Servos  
  186  9:29  SCV x2  
  188  9:41  Thor x2  
  200  9:47  Factory x2  
  200  9:48  Factory  
  200  9:50  Factory  
  198  10:10  Sensor Tower  
  198  10:12  Neosteel Armor  
  198  10:16  Sensor Tower  
  198  10:21  Terran Vehicle And Ship Armor Level 2  
  198  10:33  Factory Reactor  
  198  10:34  Sensor Tower, Factory Tech Lab x3  
  198  10:46  Thor x2  
  198  10:47  Thor  
  185  10:50  Thor  
  185  10:52  Hellbat x2  
  185  10:53  Hellbat x2  
  185  10:55  Hellbat  
  160  11:02  Command Center  
  148  11:05  Command Center  
  148  11:10  Thor x2  
  160  11:21  Hellbat x4  
  160  11:22  Hellbat x2  
  172  11:34  Command Center  
  172  11:36  Planetary Fortress  
  172  11:40  Thor x2  
  172  11:42  Hellbat x2  
  172  11:43  Hellbat x2  
  172  11:46  Refinery  
  192  11:49  Missile Turret, Refinery  
  192  11:52  Terran Vehicle Weapons Level 3  
  180  11:58  Hellbat  
  180  11:59  Hellbat x2  
  160  12:05  Hellbat x2  
  160  12:06  Hellbat x3  
  155  12:08  SCV  
  156  12:22  Siege Tank x3  
  165  12:23  Siege Tank  
  165  12:24  Siege Tank  
  171  12:32  Siege Tank x2  
  171  12:34  Hellbat x3  
  183  12:41  Terran Vehicle And Ship Armor Level 3  
  183  13:00  Thor x2  
  183  13:01  Hellbat x2  
  183  13:02  SCV  
  184  13:20  Command Center  
  184  13:21  Thor x2  
  184  13:22  Hellbat x2  
  200  13:44  Planetary Fortress  
  200  13:45  Missile Turret  
  200  14:10  Factory  
  200  14:12  Factory  
  200  14:15  Factory  
  200  14:37  Siege Tank x3  
  200  14:38  Siege Tank x2  
  186  14:39  Siege Tank x2  
  186  14:40  Hellbat  
  186  14:41  Hellbat x4  
  186  14:42  Hellbat  
  181  14:48  Orbital Command  
  181  14:50  Command Center  
  181  14:51  Planetary Fortress  
  159  15:00  Factory Reactor  
  159  15:02  Factory Tech Lab x2  
  159  15:09  Thor x3  
  159  15:10  Thor x2  
  159  15:12  Refinery x2  
  159  15:13  Refinery  
  159  15:14  Hellbat x2  
  193  15:16  Missile Turret  
  193  15:17  Refinery  
  193  15:19  Siege Tank  
  193  15:20  Hellbat x2  
  200  15:23  Orbital Command  
  200  15:28  Command Center  
  200  16:04  Factory Tech Lab  
  186  16:35  Factory  
  186  16:36  Factory  
  186  16:37  Factory x2  
Show
View Real Time Build Order
Export as new Build Order

YoungMawt Zerg 

Build Orders: Hatch First 

Get SALT Encoding   

  12  0:01  Drone  
  13  0:13  Overlord  
  13  0:17  Drone  
  14  0:32  Drone  
  14  0:33  Drone  
  16  0:38  Drone  
  17  0:54  Hatchery  
  16  0:57  Drone  
  16  1:01  Drone  
  18  1:15  Spawning Pool  
  18  1:18  Drone  
  18  1:22  Drone  
  19  1:29  Drone  
  20  1:34  Extractor  
  19  1:46  Drone  
  20  1:52  Drone  
  21  2:05  Queen  
  21  2:06  Zergling x2  
  21  2:07  Zergling x2  
  25  2:17  Drone x2  
  27  2:24  Overlord  
  27  2:30  Overlord  
  27  2:40  Drone  
  27  2:41  Queen  
  27  2:42  Drone  
  31  2:50  Drone x2  
  33  3:04  Drone  
  33  3:05  Drone  
  35  3:18  Hatchery  
  34  3:20  Drone x2  
  34  3:21  Drone  
  34  3:24  Queen  
  34  3:25  Drone x4  
  43  3:34  Drone  
  44  3:35  Overlord  
  44  3:39  Overlord  
  44  3:44  Metabolic Boost  
  44  3:48  Baneling Nest  
  44  3:50  Zergling x2  
  44  4:31  Drone  
  44  4:32  Drone x5  
  44  4:33  Drone x5  
  44  4:36  Queen  
  57  4:40  Lair  
  57  4:43  Extractor  
  57  4:45  Evolution Chamber, Drone x4  
  59  4:47  Evolution Chamber  
  59  4:49  Drone  
  59  4:52  Overlord  
  59  5:07  Zergling x10  
  59  5:08  Zergling x2  
  59  5:11  Baneling x4  
  59  5:12  Baneling x2  
  65  5:15  Zerg Melee Weapons Level 1  
  65  5:28  Extractor  
  64  5:29  Extractor, Drone x5  
  68  5:43  Drone  
  68  5:44  Hatchery  
  68  5:45  Drone x3  
  68  5:46  Drone x2  
  68  5:47  Drone  
  68  5:48  Overlord  
  68  5:49  Overlord x2  
  74  6:10  Zergling x12  
  74  6:11  Zergling x8  
  84  6:17  Hydralisk Den, Drone  
  84  6:20  Zerg Missile Weapons Level 1  
  84  6:30  Zergling x8  
  84  6:32  Overlord x4  
  88  6:33  Overlord  
  88  6:43  Zergling x8  
  88  6:46  Overlord x3  
  92  6:59  Zergling x2  
  92  7:00  Zergling x16  
  101  7:03  Baneling x2  
  101  7:04  Baneling x8  
  101  7:05  Baneling x3  
  101  7:14  Drone x5  
  106  7:28  Hydralisk x3  
  106  7:29  Hydralisk x3  
  118  7:40  Muscular Augments  
  118  7:46  Extractor  
  118  7:47  Extractor, Drone x3  
  118  7:48  Drone x2  
  118  7:49  Drone  
  118  7:50  Drone x5  
  118  7:51  Drone x5  
  130  7:54  Extractor  
  130  7:55  Queen, Extractor  
  132  8:06  Hydralisk x2  
  132  8:07  Hydralisk x2  
  140  8:17  Drone x3  
  140  8:18  Drone x3  
  146  8:28  Centrifical Hooks  
  146  8:46  Hatchery x2  
  146  8:47  Drone  
  146  8:48  Hatchery  
  144  8:51  Grooved Spines  
  144  8:52  Zergling x2  
  144  8:53  Zergling x16  
  144  8:54  Zergling x8, Hydralisk x3  
  144  8:55  Hydralisk  
  165  9:00  Overlord x2  
  165  9:01  Overlord  
  165  9:04  Overseer x3  
  165  9:08  Baneling x5  
  165  9:09  Baneling x8  
  165  9:10  Baneling x3  
  165  9:12  Hydralisk  
  167  9:23  Infestation Pit  
  166  9:32  Queen  
  166  9:36  Hatchery  
  167  9:44  Drone  
  168  9:45  Hydralisk  
  168  9:46  Hydralisk x6  
  168  9:47  Hydralisk x4  
  190  10:28  Hydralisk x5  
  189  10:46  Hydralisk x2  
  189  10:47  Hydralisk x12  
  189  10:48  Hydralisk x2  
  189  10:49  Hydralisk x2  
  198  10:50  Hydralisk  
  198  10:51  Hydralisk  
  198  10:54  Hydralisk  
  198  10:57  Hydralisk  
  169  10:59  Hydralisk  
  148  11:06  Hydralisk x2  
  148  11:07  Hydralisk  
  148  11:09  Zergling x2  
  148  11:10  Zergling x58  
  148  11:11  Zergling x10  
  187  11:24  Zergling x20  
  197  11:35  Queen  
  163  11:54  Hydralisk  
  163  11:55  Hydralisk x17  
  163  11:59  Hydralisk  
  163  12:00  Hydralisk  
  163  12:01  Zergling x26  
  165  12:12  Drone x4  
  169  12:29  Zergling x28, Hydralisk x2  
  184  12:30  Zergling x2, Hydralisk x2  
  192  12:54  Overlord x3  
  138  13:22  Spire  
  138  13:23  Hive  
  137  13:37  Extractor  
  137  13:38  Drone  
  137  13:39  Extractor  
  136  13:45  Zerg Missile Weapons Level 2, Zerg Ground Armor Level 1  
  136  13:53  Zergling x24  
  136  13:54  Zergling x40  
  172  13:56  Zergling x2  
  172  13:57  Zergling x22  
  183  14:07  Zergling x2  
  183  14:08  Zergling x18  
  107  14:38  Zergling x6  
  107  14:39  Zergling x14  
  107  14:40  Zergling x16  
  107  14:41  Zergling x10  
  103  15:01  Hydralisk x4  
  103  15:02  Hydralisk x6  
  103  15:03  Hydralisk x3  
  129  15:07  Zergling x4  
  129  15:08  Zergling x2, Hatchery  
  131  15:14  Hatchery  
  130  15:29  Zergling x2  
  130  15:30  Zergling x18  
  140  15:47  Hydralisk  
  140  15:48  Hydralisk x2  
  146  15:55  Drone x3  
  146  15:56  Drone  
  150  15:59  Drone  
  150  16:01  Drone  
  152  16:04  Drone  
  152  16:06  Drone  
  152  16:08  Drone  
  155  16:12  Drone  
  155  16:13  Drone  
  155  16:15  Drone  
Tags
 
Add a new tag
Caveats
  • Supply blocks, unpowered buildings, or Contaminate may cause inaccurate times.
  • Supply counts are checked every 10 seconds.